 Dungeon Crawl Stone Soup version 0.29.0-4-gdea44cf6ec (webtiles) character file.

Game seed: 1290798016555713274

82 qw the Chopper (level 4, 0/26 HPs)
             Began as a Tengu Warper on Aug 28, 2022.
             Slain by a ball python (1 damage)
             ... on level 3 of the Dungeon.
             The game lasted 00:00:13 (2530 turns).

qw the Chopper (Tengu Warper)                       Turns: 2530, Time: 00:00:13

Health: 0/26       AC:  5    Str: 13    XL:     4   Next: 43%
Magic:  8/8        EV:  8    Int: 14    God:
Gold:   101        SH:  0    Dex: 13    Spells: 7/7 levels left

rFire   + . .      SeeInvis .   Y - +1 hand axe
rCold   . . .      Faith    .   (no shield)
rNeg    . . .      Spirit   .   i - +0 ring mail
rPois   .          Reflect  .   (helmet restricted)
rElec   +          Harm     .   (no cloak)
rCorr   .          Rampage  .   (no gloves)
Will    .....                   (boots unavailable)
Stlth   +.........              (no amulet)
HPRegen 0.08/turn               (no ring)
MPRegen 0.11/turn               (no ring)

@: confused, constricted
A: beak, talons 3, camouflage 1, fire resistance 1, electricity resistance, no
potion heal 1
a: no special abilities


You were on level 3 of the Dungeon.
You visited 1 branch of the dungeon, and saw 3 of its levels.

You collected 101 gold pieces.


Innate Abilities, Weirdness & Mutations

You have a beak for a mouth.
You have claws for feet.
Your skin changes colour to match your surroundings (Stealth+).
Your flesh is heat resistant. (rF+)
You are resistant to electric shocks. (rElec)
Potions are less effective at restoring your health.


   Skills:
 - Level 2.0 Fighting
 + Level 5.0 Axes
 - Level 1.0 Throwing
 - Level 1.1 Armour
 - Level 2.1 Dodging
 - Level 2.0 Spellcasting
 - Level 2.4 Translocations


You had 7 spell levels left.
You didn't know any spells.
Your spell library contained the following spells:

 Spells                   Type           Power      Damage    Failure   Level
 Blink                    Tloc           16%        N/A       28%         2
 Gell's Gravitas          Tloc           8%         N/A       50%         3
 Lesser Beckoning         Tloc           8%         N/A       50%         3
 Teleport Other           Tloc           8%         N/A       50%         3
 Manifold Assault         Tloc           8%         N/A       99%         5

Inventory:

Hand Weapons
 d - a +0 club
 Y - a +1 hand axe (weapon)
Armour
 i - a +0 ring mail (worn)
Scrolls
 g - 4 scrolls of teleportation
Potions
 h - 2 potions of degeneration {unknown}
 j - a potion of resistance
 l - a potion of brilliance {unknown}

Dungeon Overview and Level Annotations

Branches:
Dungeon (3/15)

Altars:

Annotations:
D:2 1 runed translucent door, Crazy Yiuf
D:3 Grinder, Ijyb


Message History

Grinder gestures at you.
You barely resist. You closely miss Ijyb. You claw Ijyb.
You peck Ijyb, but do no damage.
Ijyb is lightly wounded.
Ijyb zaps a wand.
Your will is overpowered!
You are confused.
Grinder blinks!
You hit Ijyb but do no damage. Your kick misses Ijyb. Your peck misses Ijyb.
Ijyb is lightly wounded.
Ijyb misses you. Ijyb closely misses you. Grinder hits you but does no damage.
You see here a +0 short sword.
You closely miss Grinder. Your kick misses Grinder.
You peck Grinder, but do no damage.
Grinder is moderately wounded.
You hit Ijyb but do no damage.
Ijyb zaps a wand.
You resist with some effort. Grinder hits you.
You miss Grinder. Your kick misses Grinder. Your peck misses Grinder.
Grinder is moderately wounded.
You barely miss the ball python. You hit Ijyb but do no damage.
The ball python closely misses you. The ball python grabs you.
The ball python constricts you. Ijyb closely misses you. Grinder hits you.
You writhe in agony.
The ball python bites you but does no damage.
The ball python constricts you.
You miss Grinder. Your peck misses Grinder.
Grinder is moderately wounded.
You miss Ijyb. You barely miss the ball python.
Ijyb hits you but does no damage. Grinder gestures at you.
Pain shoots through your body! The ball python barely misses you.
The ball python constricts you.
You closely miss the ball python. You claw the ball python.
Your peck misses the ball python.
The ball python is moderately wounded.
You hit Grinder but do no damage. You barely miss Ijyb.
Ijyb zaps a wand.
Your will is overpowered!
You are more confused.
Grinder blinks!
The ball python bites you.
You die...

########........
#.....########
#.....##########+#.
#.....##...........
###.....##........... ##
#.......##........... .#
#.......##..........< .#
#...######....ยค......
.# #............@g......
.###............S####+#.
.....(...........#
........#####...5#
........# ........#
........# ####.###.#
........# ... .#
........# ..... #
........# P....P+


You could see Grinder, Ijyb and a ball python.

Vanquished Creatures
  3 adders
  2 dart slugs (D:1)
  A ball python (D:2)
  4 endoplasms
  3 giant cockroaches
  3 goblins
  4 hobgoblins
  8 jackals (D:2)
  6 kobolds
  2 quokkas (D:2)
  2 bats (D:2)
  5 frilled lizards
  4 rats
47 creatures vanquished.

Vanquished Creatures (others)
  A plant (D:3)
1 creature vanquished.

Grand Total: 48 creatures vanquished

Notes
Turn   | Place    | Note
-------+----------+-------------------------------------------
     0 | D:1      | qw the Tengu Warper began the quest for the Orb.
     0 | D:1      | Reached XP level 1. HP: 12/12 MP: 4/4
     0 | D:1      | 0 ||| qw: Version: 0.1-a-89-g26bdef1
     0 | D:1      | 0 ||| qw: Game counter: 1185
     0 | D:1      | 0 ||| qw: Always use a shield: true
     0 | D:1      | 0 ||| qw: God list: Okawaru
     0 | D:1      | 0 ||| qw: Allow faded altars: false
     0 | D:1      | 0 ||| qw: Do Orc after D:15 true
     0 | D:1      | 0 ||| qw: Do second Lair branch before Depths: true
     0 | D:1      | 0 ||| qw: Lair rune preference: random
     0 | D:1      | 0 ||| qw: Plans: Normal
     0 | D:1      | 0 ||| PLANNING D:1-11
    72 | D:1      | Reached skill level 3 in Axes
    72 | D:1      | Reached XP level 2. HP: 17/17 MP: 6/6
   123 | D:1      | 123 ||| Stepping ~*~*~tactically~*~*~ (hiding).
   892 | D:1      | Reached XP level 3. HP: 21/21 MP: 7/7
  1072 | D:1      | 1072 ||| UPGRADING to +0 ring mail.
  1082 | D:1      | 1082 ||| DROPPING +0 leather armour.
  1083 | D:1      | 1083 ||| READING 2 scrolls labelled ZAUTTYOPHOPH.
  1084 | D:1      | 1084 ||| READING 5 scrolls labelled XENNOL ROES.
  1087 | D:1      | 1087 ||| READING scroll labelled ICHO TUZOUNG.
  1088 | D:1      | 1088 ||| DRINKING 2 murky silvery potions.
  1088 | D:1      | Gained mutation: You are partially covered in iridescent
                  | scales. (AC +2) [potion of mutation]
  1088 | D:1      | Gained mutation: Armour fits poorly on your strangely
                  | shaped body. [potion of mutation]
  1089 | D:1      | 1089 ||| DRINKING potion of mutation.
  1089 | D:1      | Lost mutation: Armour fits poorly on your strangely shaped
                  | body. [potion of mutation]
  1089 | D:1      | Lost mutation: You are partially covered in iridescent
                  | scales. (AC +2) [potion of mutation]
  1089 | D:1      | Gained mutation: Your mind is acute. (Int +4, Str/Dex -1)
                  | [potion of mutation]
  1089 | D:1      | Gained mutation: Your skin changes colour to match your
                  | surroundings (Stealth+). [potion of mutation]
  1089 | D:1      | Gained mutation: Potions are less effective at restoring
                  | your health. [potion of mutation]
  1089 | D:1      | Gained mutation: You possess an exceptional clarity of
                  | mind. [potion of mutation]
  1090 | D:1      | 1090 ||| DROPPING scroll of poison.
  1091 | D:1      | 1091 ||| DROPPING scroll of blinking.
  1189 | D:2      | 1189 ||| Stepping ~*~*~tactically~*~*~ (stealth).
  1190 | D:2      | 1190 ||| Stepping ~*~*~tactically~*~*~ (stealth).
  1197 | D:2      | Reached skill level 4 in Axes
  1223 | D:2      | Found a faded altar of an unknown god.
  1246 | D:2      | HP: 4/21 [jackal (3)]
  1247 | D:2      | 1247 ||| READING 4 scrolls of teleportation.
  1636 | D:2      | Reached XP level 4. HP: 12/26 MP: 8/8
  1641 | D:2      | HP: 6/26 [poisoned by an adder]
  2019 | D:2      | Found a runed translucent door.
  2020 | D:2      | Noticed Crazy Yiuf
  2265 | D:2      | 2265 ||| READING scroll labelled SEFRAA HEAJ.
  2266 | D:2      | 2266 ||| READING scroll labelled ZEBROWK DABRIST.
  2267 | D:2      | 2267 ||| READING scroll labelled QASKOG RACHAZ.
  2268 | D:2      | 2268 ||| DRINKING 2 emerald potions.
  2290 | D:3      | 2290 ||| PLANNING SEWER
  2291 | D:3      | 2291 ||| STAIRDANCE
  2369 | D:3      | Reached skill level 5 in Axes
  2369 | D:3      | 2369 ||| STAIRDANCE
  2476 | D:3      | 2476 ||| DRINKING potion of mutation.
  2476 | D:3      | Lost mutation: Your mind is acute. (Int +4, Str/Dex -1)
                  | [potion of mutation]
  2476 | D:3      | Lost mutation: You possess an exceptional clarity of mind.
                  | [potion of mutation]
  2476 | D:3      | Gained mutation: Your flesh is heat resistant. (rF+)
                  | [potion of mutation]
  2476 | D:3      | Gained mutation: You are resistant to electric shocks.
                  | (rElec) [potion of mutation]
  2515 | D:3      | Noticed Grinder
  2517 | D:3      | Noticed Ijyb
  2528 | D:3      | HP: 5/26 [Grinder (6)]
  2529 | D:3      | HP: 1/26 [Grinder/nerve-wracking pain (3)]
  2530 | D:3      | Slain by a ball python

Levels and vault maps discovered:
D:1:      matt_arrival_debris, layout_loops_corners
D:2:      layout_rooms, hellmonk_ecumenical_altar_run_dry,
          palyth_stone_intersect, st_stairs_4, chequers_serial_rivers_small_3,
          uniq_crazy_yiuf_cottage
D:3:      cheibrodos_old_hovel, layout_basic, gup_sewer_entry_pipe,
          cheibrodos_gnoll_hut, uniq_jessica, uniq_ijyb, uniq_grinder

Skill      XL: |  1  2  3  4 |
---------------+-------------+-----
Axes           | 3 4 5 |  5.0
Fighting       | |  2.0
Throwing       | |  1.0
Armour         | |  1.1
Dodging        | |  2.1
Spellcasting   | |  2.0
Translocations | |  2.4

Action                   |  1- 3 |  4- 6 || total
-------------------------+-------+-------++-------
Melee: Hand axe          |    75 |    33 ||   108
       Peck              |     8 |     5 ||    13
       Kick              |    16 |    10 ||    26
       Punch             |     1 |       ||     1
Throw: Boomerang         |     7 |       ||     7
  Use: Scroll            |     4 |     3 ||     7
       Potion            |     2 |     2 ||     4
 Stab: Sleeping          |       |     1 ||     1
Armor: Leather armour    |     7 |       ||     7
       Ring mail         |    35 |     8 ||    43
Dodge: Dodged            |    50 |    16 ||    66

Table legend:
 A = Non-vault XP
 B = Vault XP
 C = Vault XP percentage of total XP
 D = Non-vault monster count
 E = Vault monster count
 F = Vault count percentage of total count
                 A         B        C        D         E       F
            +---------+---------+-------+---------+---------+-------
      Total |     117 |       1 |   0.8 |      46 |       1 |   2.1
            +---------+---------+-------+---------+---------+-------
        D:1 |      37 |       0 |   0.0 |      20 |       0 |   0.0
        D:2 |      64 |       1 |   1.5 |      23 |       1 |   4.2
        D:3 |      16 |       0 |   0.0 |       3 |       0 |   0.0
            +---------+---------+-------+---------+---------+-------
